Map: 2000 Atmospheres LE

Players

Demi

  • Race: Zerg Zerg

MeomaikA - Winner!

  • Race: Zerg Zerg

Event: DreamHack SC2 Masters 2021 Winter

VOD

Have the link to the VOD?

Description

Time

  • Played on: Sept. 29, 2021, 4:46 a.m.
  • Length: 13:57

All games in this series

Show
View Real Time Build Order
Export as new Build Order

Demi Zerg 

Build Orders: Pool First 

Get SALT Encoding   

  12  0:00  Drone  
  13  0:12  Overlord  
  13  0:16  Drone  
  14  0:30  Drone x2  
  14  0:35  Drone  
  17  0:44  Extractor  
  17  0:45  Drone  
  17  0:49  Spawning Pool  
  16  0:55  Drone  
  17  1:13  Hatchery  
  17  1:17  Drone  
  17  1:31  Drone  
  18  1:36  Queen  
  18  1:37  Zergling x2  
  21  1:46  Metabolic Boost  
  21  1:50  Overlord  
  21  1:55  Drone  
  22  2:09  Drone  
  22  2:12  Queen  
  22  2:14  Zergling x2  
  26  2:20  Baneling Nest  
  25  2:26  Drone  
  26  2:35  Drone  
  28  2:37  Drone  
  28  2:40  Drone  
  29  2:45  Drone x2  
  29  2:46  Overlord  
  29  2:50  Zergling x2  
  32  2:59  Drone x2  
  34  3:07  Drone  
  35  3:15  Drone  
  36  3:21  Hatchery  
  36  3:24  Drone x3  
  36  3:26  Baneling x2  
  38  3:33  Zergling x8  
  41  3:37  Overlord  
  41  3:41  Zergling x2  
  42  3:44  Roach Warren  
  42  3:45  Baneling  
  40  3:58  Zergling x12  
  38  4:03  Queen  
  38  4:06  Zergling x2  
  38  4:09  Zergling x2  
  37  4:19  Baneling x2  
  37  4:22  Drone x2  
  38  4:26  Drone  
  38  4:27  Drone  
  38  4:31  Drone  
  39  4:38  Queen  
  38  4:45  Drone x2  
  42  4:50  Queen  
  44  4:53  Drone  
  44  4:54  Drone  
  44  4:59  Drone  
  47  5:04  Drone x2  
  49  5:08  Drone x2  
  49  5:09  Drone  
  52  5:16  Zergling x4  
  52  5:20  Overlord  
  52  5:21  Overlord  
  54  5:23  Drone x2, Evolution Chamber  
  54  5:26  Drone x2  
  57  5:34  Lair  
  57  5:37  Zergling x2, Extractor  
  57  5:39  Baneling x2  
  57  5:46  Drone  
  57  5:47  Drone x5  
  57  5:49  Zerg Missile Weapons Level 1  
  63  5:54  Overlord x2  
  63  5:56  Overlord  
  63  5:58  Extractor  
  63  6:01  Zergling x6  
  65  6:13  Drone, Overlord  
  66  6:19  Roach x5  
  66  6:25  Drone x4  
  79  6:27  Overlord  
  79  6:28  Overlord  
  80  6:35  Queen  
  80  6:38  Spore Crawler  
  80  6:39  Spore Crawler  
  79  6:41  Spore Crawler  
  79  6:46  Queen  
  80  6:51  Zergling x2  
  80  6:52  Zergling x12  
  87  6:56  Drone x3  
  87  7:02  Queen  
  87  7:05  Glial Reconstitution  
  89  7:09  Overlord x2  
  89  7:14  Overlord x2  
  87  7:16  Overlord  
  87  7:20  Queen  
  88  7:29  Drone  
  89  7:30  Drone x2  
  89  7:34  Drone  
  89  7:35  Queen  
  91  7:38  Queen  
  91  7:49  Drone  
  89  7:53  Drone x2  
  89  7:56  Queen  
  92  7:58  Roach  
  92  7:59  Zergling x2, Roach x2  
  92  8:03  Zergling x2  
  92  8:04  Zergling x2, Spore Crawler  
  87  8:08  Roach x2  
  87  8:09  Zergling x2  
  87  8:11  Queen  
  90  8:13  Zergling x4, Queen, Roach  
  90  8:19  Baneling x2  
  95  8:22  Zergling x2, Roach x2  
  95  8:23  Zergling x4  
  99  8:33  Zergling x10  
  85  8:41  Queen  
  85  8:44  Drone x3  
  79  8:51  Spore Crawler  
  79  8:54  Queen  
  78  8:55  Drone  
  78  8:56  Drone x2  
  78  8:57  Drone  
  82  9:03  Zerg Ground Armor Level 1  
  82  9:13  Nydus Network  
  80  9:17  Drone x3  
  80  9:23  Roach x4  
  87  9:31  Queen  
  87  9:33  Queen  
  87  9:35  Drone x2  
  93  9:38  Roach  
  93  9:39  Roach  
  93  9:44  Roach  
  93  9:45  Roach x2  
  103  9:52  Roach x3  
  109  9:57  Queen  
  109  9:59  Nydus Canal  
  111  10:05  Roach x2  
  114  10:14  Roach x2  
  102  10:29  Roach x6  
  109  10:40  Nydus Canal  
  95  11:01  Queen x2  
  95  11:05  Drone  
  95  11:06  Drone x6  
  78  11:26  Roach  
  78  11:27  Roach x2, Spore Crawler  
  78  11:29  Spore Crawler  
  67  11:39  Queen x2  
  53  11:47  Spore Crawler  
  50  11:52  Drone x2  
  50  11:53  Drone  
  53  11:55  Zergling x4  
  53  11:56  Zergling x4  
  57  12:05  Zergling x6  
  60  12:18  Zergling x10  
  60  12:19  Queen  
  63  12:27  Queen x2  
  50  12:42  Zergling x10  
  41  12:55  Queen  
  29  13:13  Zergling x8  
  31  13:32  Zergling x4  
  31  13:34  Overlord  
Show
View Real Time Build Order
Export as new Build Order

MeomaikA Zerg - Winner!

Build Orders: Pool First 

Get SALT Encoding   

  12  0:00  Drone  
  13  0:08  Drone  
  14  0:16  Overlord  
  14  0:25  Drone, Extractor  
  15  0:34  Drone x2  
  17  0:44  Spawning Pool  
  17  0:47  Drone  
  17  1:08  Hatchery  
  17  1:10  Drone  
  17  1:13  Extractor  
  17  1:15  Drone  
  17  1:31  Zergling x4  
  17  1:32  Queen  
  19  1:37  Drone  
  22  1:47  Overlord  
  22  2:05  Drone  
  22  2:08  Queen  
  23  2:10  Drone  
  23  2:14  Metabolic Boost  
  26  2:20  Drone x2  
  28  2:31  Zergling x4  
  30  2:39  Zergling x2  
  30  2:41  Zergling x6  
  33  2:45  Zergling x2  
  34  2:52  Overlord  
  34  3:01  Zergling x2  
  35  3:07  Extractor  
  35  3:08  Zergling x2  
  35  3:10  Zergling x2  
  36  3:14  Zergling x8  
  36  3:15  Zergling x2  
  36  3:16  Extractor  
  36  3:17  Zergling x4  
  36  3:18  Zergling x2  
  44  3:27  Overlord  
  44  3:34  Lair  
  44  3:40  Overlord  
  44  3:45  Drone  
  44  3:46  Drone  
  45  4:00  Drone, Zergling x2  
  45  4:01  Drone x2  
  37  4:03  Drone x2  
  37  4:04  Drone  
  38  4:10  Drone  
  38  4:11  Drone  
  38  4:13  Drone x2  
  42  4:20  Queen  
  43  4:24  Drone  
  43  4:25  Drone  
  43  4:32  Drone  
  43  4:33  Queen  
  43  4:35  Drone  
  46  4:39  Extractor x2  
  46  4:43  Drone x3  
  46  4:52  Spire  
  47  4:55  Evolution Chamber  
  47  4:56  Evolution Chamber  
  47  4:58  Evolution Chamber  
  44  5:02  Drone, Extractor x2  
  44  5:03  Drone, Extractor  
  44  5:05  Drone  
  44  5:07  Drone  
  45  5:08  Drone  
  45  5:10  Drone  
  47  5:14  Drone x2  
  47  5:16  Drone  
  47  5:19  Overlord  
  50  5:27  Overlord  
  50  5:28  Drone  
  51  5:29  Drone x2  
  53  5:35  Overlord  
  53  5:50  Zergling x4  
  53  5:51  Zergling x4  
  57  6:07  Mutalisk x4  
  57  6:08  Mutalisk x2  
  57  6:10  Mutalisk  
  71  6:12  Zergling x2  
  71  6:14  Zergling x6  
  71  6:15  Zergling x2  
  76  6:21  Zergling x2, Zerg Melee Weapons Level 1  
  76  6:25  Zergling x2  
  78  6:30  Mutalisk  
  80  6:38  Zergling x2  
  80  6:39  Zergling x4  
  83  6:43  Zergling x2  
  83  6:45  Overlord x2  
  83  6:56  Extractor  
  75  7:01  Mutalisk x3  
  75  7:03  Zergling x2  
  75  7:04  Zergling x2  
  75  7:05  Zergling x4  
  75  7:06  Hatchery, Zergling x2  
  85  7:09  Queen  
  85  7:14  Zergling x2  
  86  7:16  Zerg Ground Armor Level 1  
  86  7:17  Zergling x2  
  86  7:18  Zergling x2  
  86  7:20  Zergling x2  
  86  7:21  Zergling x2  
  90  7:27  Zergling x2  
  91  7:31  Zergling x2  
  91  7:33  Zergling x4  
  91  7:34  Zergling x2  
  91  7:36  Zergling x2  
  96  7:41  Zergling x2  
  97  7:46  Zergling x2  
  90  7:51  Zerg Flyer Weapons Level 1  
  90  7:54  Zergling x2  
  90  7:56  Zergling x2  
  91  8:01  Zergling x2  
  91  8:02  Zergling x4  
  91  8:03  Zergling x2  
  91  8:08  Hatchery  
  89  8:13  Mutalisk x2  
  89  8:15  Queen  
  89  8:19  Mutalisk  
  95  8:22  Mutalisk x2  
  95  8:23  Mutalisk  
  95  8:26  Mutalisk  
  96  8:35  Mutalisk  
  96  8:37  Zergling x4  
  100  8:43  Zergling x2  
  100  8:48  Mutalisk  
  95  8:49  Drone x3  
  95  8:51  Overlord  
  96  8:56  Mutalisk  
  96  9:00  Zergling x4  
  100  9:06  Extractor  
  99  9:12  Zerg Melee Weapons Level 2  
  99  9:13  Zergling x4  
  99  9:16  Zergling x2  
  102  9:18  Extractor  
  98  9:33  Hatchery, Mutalisk x3  
  98  9:35  Drone x5  
  108  9:40  Zergling x6  
  111  9:47  Mutalisk  
  111  9:49  Zergling x2  
  111  9:51  Zergling x2  
  111  9:52  Zergling x2  
  112  9:56  Zergling x2  
  113  10:03  Overlord  
  113  10:04  Overlord  
  113  10:05  Zergling x2  
  111  10:15  Zergling x2  
  111  10:17  Mutalisk x2  
  111  10:18  Mutalisk x2  
  111  10:23  Mutalisk  
  113  10:32  Mutalisk x2  
  113  10:33  Zergling x2  
  113  10:34  Zergling x2  
  119  10:38  Mutalisk  
  119  10:40  Zergling x2  
  122  10:46  Mutalisk  
  99  10:58  Mutalisk x3  
  94  11:05  Zergling x8  
  94  11:07  Zergling x2  
  94  11:09  Zergling x2  
  94  11:10  Zergling x2  
  91  11:14  Zergling x2  
  92  11:19  Mutalisk  
  92  11:22  Zergling x2  
  92  11:23  Mutalisk  
  85  11:25  Mutalisk  
  85  11:30  Zergling x2  
  71  11:39  Mutalisk  
  70  11:41  Zergling x2  
  70  11:43  Zergling x2  
  71  11:55  Zergling x4  
  71  11:59  Mutalisk  
  71  12:17  Mutalisk  
  71  12:18  Zergling x4  
  73  12:23  Zergling x2  
  73  12:27  Zergling x2  
  73  12:33  Mutalisk  
  74  12:40  Zergling x2  
  74  12:42  Zergling x2  
  63  12:51  Zergling x4  
  63  12:56  Zergling x2  
  66  13:00  Zergling x2  
  66  13:04  Zergling x2  
  62  13:18  Drone x3  
  61  13:30  Mutalisk  

Tags
 
Add a new tag
Caveats
  • Supply blocks, unpowered buildings, or Contaminate may cause inaccurate times.
  • Supply counts are checked every 10 seconds.